 Dungeon Crawl Stone Soup version 0.29-a0-334-gb41bcbb86e (webtiles) character file.

Game seed: 12834252677814081840

12 freelancePsychic the Grasshopper (level 2, -3/22 HPs)
             Began as a Demonspawn Warper on Apr 14, 2022.
             Killed by nerve-wracking pain
             ... invoked by Jessica
              (8 damage)
             ... on level 2 of the Dungeon.
             The game lasted 00:01:47 (1395 turns).

freelancePsychic the Grasshopper (DsWr)             Turns: 1395, Time: 00:01:47

Health: -3/22      AC:  3    Str: 11    XL:     2   Next: 20%
Magic:  5/5        EV: 11    Int: 20    God:
Gold:   23         SH:  0    Dex: 12    Spells: 5/5 levels left

rFire   . . .      SeeInvis .   a - +0 short sword
rCold   . . .      Faith    .   (no shield)
rNeg    . . .      Spirit   .   b - +0 leather armour
rPois   .          Reflect  .   (no helmet)
rElec   .          Harm     .   (no cloak)
rCorr   .          Rampage  .   (no gloves)
Will    .....                   (no boots)
Stlth   +.........              (no amulet)
HPRegen 0.07/turn               f - +6 ring of intelligence
MPRegen 0.09/turn               (no ring)

@: no status effects
A: demonic magic 1
a: no special abilities


You were on level 2 of the Dungeon.
You visited 1 branch of the dungeon, and saw 2 of its levels.

You collected 23 gold pieces.

Inventory:

Hand Weapons
 a - a +0 short sword (weapon)
Armour
 b - a +0 leather armour (worn)
Jewellery
 f - a +6 ring of intelligence (left hand)
Scrolls
 e - a scroll of fear {unknown}
 g - a scroll of identify {unknown}


   Skills:
 + Level 2.3 Fighting
 - Level 2.3 Short Blades
 - Level 0.8 Throwing
 - Level 0.8 Armour
 - Level 1.7 Dodging
 - Level 2.0 Spellcasting
 * Level 0.2 Hexes
 - Level 2.6 Translocations


You had 5 spell levels left.
You didn't know any spells.
Your spell library contained the following spells:

 Spells                   Type           Power      Damage    Failure   Level
 Blink                    Tloc           24%        N/A       11%         2
 Gell's Gravitas          Tloc           12%        N/A       21%         3
 Lesser Beckoning         Tloc           12%        N/A       21%         3
 Teleport Other           Tloc           12%        N/A       21%         3
 Sublimation of Blood     Necr           2%         N/A       30%         2
 Wereblood                Tmut           2%         N/A       30%         2
 Tukima's Dance           Hex            3%         N/A       50%         3
 Passage of Golubria      Tloc           12%        N/A       56%         4
 Manifold Assault         Tloc           12%        N/A       88%         5
 Yara's Violent Unravell  Hex/Tmut       1%         3d3       99%         5
 Summon Hydra             Summ           1%         N/A       100%        7


Dungeon Overview and Level Annotations

Branches:
Dungeon (2/15)

Altars:

Annotations:
D:2 Jessica


Innate Abilities, Weirdness & Mutations

Spells you cast may paralyse adjacent enemies.


Message History

The quokka bites you but does no damage.
You hit the quokka.
You kill the quokka!
You see here a quokka corpse.
You start resting.
HP restored.
There is a stone staircase leading down here.
You climb downwards.
Level annotation: Jessica
There is a stone staircase leading up here.
You closely miss Jessica. Jessica barely misses you.
You completely miss Jessica. Jessica barely misses you.
You hit Jessica.
Jessica is lightly wounded.
You closely miss Jessica.
Jessica is lightly wounded.
Jessica closely misses you.
You barely miss Jessica.
Jessica is lightly wounded.
Jessica closely misses you.
You hit Jessica but do no damage.
Jessica is lightly wounded.
Jessica hits you with a +7 club.
You hit Jessica.
Jessica is heavily wounded.
Jessica hits you with a +7 club!
You hit Jessica but do no damage.
Jessica is heavily wounded.
Jessica mumbles some strange words.
Jessica blinks!
There is a stone staircase leading up, spattered with blood here.
You closely miss Jessica.
Jessica is heavily wounded.
Jessica hits you with a +7 club!
* * * LOW HITPOINT WARNING * * *
You hit Jessica. You punch Jessica, but do no damage.
Jessica is severely wounded.
Jessica casts a spell at you. Pain shoots through your body!
You die...

#.# ..# ##.#### .#
##.....##.#
##.........#
#.........###
#...........#
#...@..^..#
#.))@.....#
#.........#
#.........#
#.........# .####.
#.........# §r.#..
#...!.....# ......
............####.#....
......................


You could see Jessica.

Vanquished Creatures
  A bat (D:2)
  A giant cockroach (D:1)
  A goblin (D:1)
  2 hobgoblins
  A kobold (D:2)
  A quokka (D:1)
  A frilled lizard (D:1)
  3 rats (D:1)
11 creatures vanquished.

Notes
Turn   | Place    | Note
-------+----------+-------------------------------------------
     0 | D:1      | freelancePsychic the Demonspawn Warper began the quest for
                  | the Orb.
     0 | D:1      | Reached XP level 1. HP: 16/16 MP: 3/3
   817 | D:2      | Noticed Jessica
   863 | D:2      | Gained mutation: Spells you cast may paralyse adjacent
                  | enemies. [demonic ancestry]
   863 | D:2      | Reached XP level 2. HP: 22/22 MP: 5/5
  1395 | D:2      | Killed from afar by Jessica

Illustrated notes

Levels and vault maps discovered:
D:1:      sevenhm_arrival_forest_fort_small_3, layout_basic
D:2:      layout_rooms, ebering_ecumenical_altar_hall, grunt_ministairs_13,
          minmay_close_crescents, uniq_jessica

Skill      XL: |  1 |
---------------+----+-----
Short Blades   | 2 |  2.3
Fighting       | |  2.3
Throwing       | |  0.8
Armour         | |  0.8
Dodging        | |  1.7
Spellcasting   | |  2.0
Hexes          | |  0.2
Translocations | |  2.6

Action                   || total
-------------------------++-------
Melee: Short sword       ||    47
       Punch             ||     1
Throw: Boomerang         ||     7
  Use: Scroll            ||     1
Armor: Leather armour    ||    12
Dodge: Dodged            ||    30

Table legend: (Time is in decaauts)
 A = Elapsed time spent in this place.
 B = Non-inter-level travel time spent in this place.
 C = Inter-level travel time spent in this place.
 D = Time resting spent in this place.
 E = Time spent auto-exploring this place.
 F = Levels seen in this place.
 G = Mean time per level.
                   A        B        C        D        E       F      G
               +--------+--------+--------+--------+--------+-----+--------+
         Total |   1404 |   1350 |     54 |    460 |    752 |   2 |  702.0 |
       Dungeon |   1404 |   1350 |     54 |    460 |    752 |   2 |  702.0 |
               +--------+--------+--------+--------+--------+-----+--------+

Top non-repeatable levels by time:
     D:1: 1325 daAuts
     D:2: 79 daAuts
